 Dungeon Crawl Stone Soup version 0.21.1-1-g345015f (webtiles) character file.

77501 xccam the Warrior (level 15, -7/211 HPs)
             Began as a White Draconian Berserker on Mar 25, 2018.
             Was the Champion of Trog.
             Mangled by a snapping turtle (12 damage)
             ... on level 3 of the Shoals.
             The game lasted 01:00:51 (20922 turns).

xccam the Warrior (White Draconian Berserker)      Turns: 20922, Time: 01:00:53

Health: -7/211     AC: 24    Str: 28    XL:     15   Next: 15%
Magic:  15/15      EV: 23    Int: 10    God:    Trog [******]
Gold:   1727       SH: 12    Dex: 13    Spells: 14/14 levels left

rFire    + . .     SeeInvis +   H - +4 scimitar (venom)
rCold    + . .     Gourm    .   M - +0 shield
rNeg     . . .     Faith    .   (armour unavailable)
rPois    .         Spirit   .   J - +3 crown of Dyrovepreva {rElec Int+2 SInv}
rElec    +         Reflect  .   e - +2 cloak
rCorr    .         Harm     .   o - +0 pair of gloves
MR       +++..                  K - +2 pair of boots
Stlth    ..........             (no amulet)
HPRegen  1.45/turn              I - +5 ring of protection
MPRegen  0.14/turn              A - +4 ring of evasion

@: berserking (expiring), engulfed (cannot breathe), regenerating, very quick
A: breathe frost, unfitting armour, cold resistance 1, fire resistance 1,
cold-blooded, AC +9
a: Breathe Frost, Berserk, Trog's Hand, Brothers in Arms, Burn Spellbooks,
Renounce Religion


You were on level 3 of the Shoals.
You worshipped Trog.
Trog was exalted by your worship.
You were near starving.

You visited 5 branches of the dungeon, and saw 23 of its levels.
You also visited: Labyrinth and Ossuary.

You collected 2431 gold pieces.
You spent 704 gold pieces at shops.

Inventory:

Hand Weapons
 z - a +2 scimitar of flaming
 H - a +4 scimitar of venom (weapon)
 P - a +4 triple sword of protection
Armour
 e - a +2 cloak (worn)
 o - a +0 pair of gloves (worn)
 s - a +0 buckler
 J - the +3 crown of Dyrovepreva (worn) {rElec Int+2 SInv}
   (You found it on level 6 of the Lair of Beasts)

   It affects your intelligence (+2).
   It insulates you from electricity.
   It lets you see invisible.
 K - a +2 pair of boots (worn)
 M - a +0 shield (worn)
 N - a scarf of spirit shield
Jewellery
 g - a +1 ring of evasion
 A - a +4 ring of evasion (right hand)
 C - an uncursed ring of stealth
 I - a +5 ring of protection (left hand)
Wands
 h - a wand of acid (14)
 D - a wand of flame (88)
 E - a wand of scattershot (5)
 F - a wand of paralysis (18)
 O - a wand of iceblast (7)
Scrolls
 a - a scroll of magic mapping
 c - 8 scrolls of remove curse
 f - 2 scrolls of blinking
 k - 9 scrolls of teleportation
 l - 4 scrolls of fog
 m - 2 scrolls of fear
 p - 2 scrolls of enchant weapon
 q - 6 scrolls of immolation
 y - a scroll of summoning
 B - 6 scrolls of identify
 L - 2 scrolls of brand weapon
Potions
 d - 3 potions of brilliance
 i - 3 potions of lignification
 j - 2 potions of resistance
 n - 11 potions of curing
 r - 3 potions of invisibility
 t - 2 potions of heal wounds
 u - 2 potions of cancellation
 v - 2 potions of magic
 w - a potion of haste
 x - 2 potions of might
Comestibles
 b - 38 rations


   Skills:
 - Level 15.4 Fighting
 - Level 15.0 Long Blades
 - Level 14.4 Dodging
 + Level 7.5 Shields


You had 14 spell levels left.
You didn't know any spells.

Dungeon Overview and Level Annotations

Branches:
Dungeon (11/15)            Temple (1/1) D:4            Lair (6/6) D:9
 Shoals (3/4) Lair:2       Spider (0/4) Lair:3        Slime (0/5) Lair:5
    Orc (2/2) D:11            Elf (0/3) Orc:2

Altars:
Dithmenos
Kikubaaqudgha
Makhleb
Nemelex Xobeh
Qazlal
Ru
Sif Muna
Vehumet
Wu Jian
Xom
Jiyva

Shops:
D:6 *   D:9 ?   Orc:2 !%:[

Portals:
Hell: Lair:6
Pandemonium: Orc:2


Innate Abilities, Weirdness & Mutations

You can breathe waves of freezing cold.
You can buffet flying creatures when you breathe cold.
Your icy white scales are hard. (AC +9)
You cannot fit into any form of body armour.
Your flesh is cold resistant. (rC+)
You are cold-blooded and may be slowed by cold attacks.
Your flesh is heat resistant. (rF+)


Message History

* * * LOW HITPOINT WARNING * * *
Your lungs strain for air!
The water elemental misses you. x2
The snapping turtle completely misses you.
The merfolk completely misses you. You block the merfolk siren's attack.
You slash the alligator snapping turtle!
You tail-slap the alligator snapping turtle, but do no damage.
The alligator snapping turtle is severely wounded.
* * * LOW HITPOINT WARNING * * *
Your lungs strain for air!
The alligator snapping turtle bites you but does no damage.
Unknown command.
You hit the alligator snapping turtle but do no damage.
The alligator snapping turtle looks as sick as possible!
The alligator snapping turtle is severely wounded.
* * * LOW HITPOINT WARNING * * *
Your lungs strain for air!
The water elemental misses you. x2
The snapping turtle bites you from afar!
You die...

......≈≈≈≈≈≈≈≈≈≈
≈........>.≈≈≈≈...
..................
.....≈≈≈..........
≈....≈≈≈≈.........
≈≈≈.≈≈≈≈≈.........
≈≈≈≈≈≈≈<≈.........
≈≈≈≈≈≈≈≈≈≈.tm≈≈...
≈≈≈≈≈≈≈≈≈.@E≈≈≈≈..
≈≈≈≈≈≈≈≈..†E≈≈≈≈≈.
###≈≈≈..mt≈≈≈≈≈≈≈.
##≈≈....≈≈≈≈≈≈≈.
#≈≈.....≈≈≈≈≈..
#≈≈(≈....≈≈≈≈..
#≈≈≈≈≈...≈≈≈≈≈≈
#≈≈≈≈≈≈≈≈≈≈≈≈≈≈


You could see an alligator snapping turtle, a snapping turtle, a merfolk, 2
water elementals and a merfolk siren.

Vanquished Creatures
  Frances (Shoals:1)
  An orc warlord (Orc:2)
  2 entropy weavers (Lair:5)
  2 merfolk impalers
  Josephine (D:10)
  Erolcha (D:10)
  4 hydras
  A merfolk avatar (Shoals:3)
  Erica (D:8)
  A merfolk aquamancer (Shoals:3)
  A catoblepas (Lair:3)
  4 two-headed ogres
  6 orc high priests (Orc:2)
  A queen ant (Lair:5)
  A sixfirhy (Lair:6)
  3 sea snakes
  2 gelid demonspawn (Orc:2)
  2 infernal demonspawn (Orc:2)
  A wizard (Lair:6)
  Pikel (D:6)
  A harpy (Shoals:3)
  5 orc knights
  6 orc sorcerers
  2 ugly things (D:11)
  3 elephants (Lair:5)
  4 black mambas
  A water nymph (Shoals:1)
  3 merfolk sirens
  A torpor snail (Lair:5)
  2 rust devils (Orc:2)
  8 spiny frogs
  6 orange demons
  6 rime drakes
  3 gargoyles (Lab)
  7 komodo dragons
  An ice devil (Orc:2)
  A hellwing (Lair:6)
  A red devil (Lair:6)
  4 trolls
  A polar bear (Lair:6)
  6 merfolk
  A hornet (Lair:3)
  Prince Ribbit (D:7)
  14 hippogriffs
  2 snapping turtles
  8 blink frogs
  A wind drake (Shoals:1)
  4 dream sheep (Lair:6)
  5 wraiths
  A neqoxec (Orc:2)
  55 yaks
  A wyvern (Lair:6)
  4 hogs (D:7)
  A steam dragon (Lair:5)
  2 hungry ghosts
  A human (D:7)
  2 chaos spawn (Orc:2)
  Eustachio (D:6)
  4 basilisks (Lair:6)
  10 soldier ants (Lair:5)
  4 hell hounds (Lair:6)
  A warg (Orc:2)
  8 water moccasins
  Duvessa (D:7)
  33 orc warriors
  3 porcupines
  A sky beast (D:7)
  A necrophage (D:6)
  11 ogres
  12 wolves
  2 centaurs
  9 crocodiles
  3 big kobolds
  14 bullfrogs
  Dowan (D:7)
  5 scorpions
  5 killer bees (D:9)
  7 wights
  3 howler monkeys
  5 crimson imps
  A bullfrog zombie (D:11)
  2 quasits (D:7)
  Crazy Yiuf (D:6)
  4 hounds
  3 jellies
  25 orc priests
  15 orc wizards
  4 bullfrog skeletons
  5 iguanas
  35 worker ants
  A killer bee zombie (D:8)
  2 hound zombies
  A hound skeleton (D:11)
  13 mummies (Ossuary)
  A worker ant zombie (D:5)
  9 gnolls
  A howler monkey skeleton (D:5)
  11 adders
  A shadow imp (D:11)
  An ooze (D:6)
  An adder skeleton (D:6)
  4 worms
  4 dart slugs
  7 leopard geckos
  76 orcs
  3 ball pythons
  3 giant cockroaches
  12 goblins
  9 hobgoblins
  6 jackals
  25 kobolds
  6 quokkas
  6 bats
  5 frilled lizards
  2 gnoll skeletons (Ossuary)
  2 goblin skeletons (Ossuary)
  A kobold skeleton (Ossuary)
  3 orc skeletons (Ossuary)
  A quokka skeleton (D:9)
  11 rats
  11 rat skeletons (Ossuary)
  A fungus (Lair:6)
  6 plants
697 creatures vanquished.

Vanquished Creatures (collateral kills)
  A minotaur (Lab)
1 creature vanquished.

Vanquished Creatures (others)
  A gargoyle (Lab)
  A scorpion (D:6)
  An orc wizard (D:6)
  4 orcs (D:6)
  2 jackals (D:2)
  A quokka (D:6)
  8 fungi
  4 plants
22 creatures vanquished.

Grand Total: 720 creatures vanquished

Notes
Turn   | Place    | Note
-------+----------+-------------------------------------------
     0 | D:1      | xccam the Draconian Berserker began the quest for the Orb.
     0 | D:1      | Reached XP level 1. HP: 19/19 MP: 1/1
   122 | D:1      | Reached XP level 2. HP: 22/26 MP: 2/2
   471 | D:2      | Reached ** piety under Trog
   478 | D:2      | Reached XP level 3. HP: 18/31 MP: 3/3
   630 | D:2      | Found a radiant altar of Vehumet.
   814 | D:2      | Reached XP level 4. HP: 38/38 MP: 4/4
   944 | D:3      | Reached skill level 5 in Long Blades
  1041 | D:3      | Found a sparkling altar of Nemelex Xobeh.
  1179 | D:3      | Reached *** piety under Trog
  1198 | D:3      | Reached XP level 5. HP: 41/45 MP: 5/5
  2658 | D:4      | Found a staircase to the Ecumenical Temple.
  2765 | D:4      | Reached XP level 6. HP: 51/51 MP: 6/6
  3375 | Temple   | Entered the Ecumenical Temple
  3415 | D:5      | Entered Level 5 of the Dungeon
  3803 | D:5      | Found a sand-covered staircase.
  3850 | Ossuary  | Entered an ossuary
  3886 | Ossuary  | Your scales start taking on an icy white colour.
  3886 | Ossuary  | Reached XP level 7. HP: 45/57 MP: 7/7
  3886 | Ossuary  | Gained mutation: Your flesh is cold resistant. (rC+) [White Draconian growth]
  4018 | Ossuary  | Reached **** piety under Trog
  5424 | D:6      | Found Giro's Assorted Antiques.
  5424 | D:6      | Noticed a hungry ghost
  5451 | D:6      | Killed a hungry ghost
  5478 | D:6      | Reached skill level 5 in Dodging
  5478 | D:6      | Reached XP level 8. HP: 63/63 MP: 8/8
  5487 | D:6      | Bought a scroll of identify for 54 gold pieces
  5487 | D:6      | Bought 2 smoky brown potions for 48 gold pieces
  5495 | D:6      | Gained mutation: You are clumsy. (Dex -2) [potion of mutation]
  5495 | D:6      | Gained mutation: Your flesh is heat resistant. (rF+) [potion of mutation]
  5495 | D:6      | Lost mutation: You are clumsy. (Dex -2) [potion of mutation]
  5533 | D:6      | Found a sacrificial altar of Ru.
  5620 | D:6      | Found a burning altar of Makhleb.
  5620 | D:6      | Found a shimmering altar of Xom.
  5678 | D:6      | Noticed Pikel
  5690 | D:6      | Killed Pikel
  5928 | D:6      | Noticed Eustachio
  5943 | D:6      | Killed Eustachio
  5943 | D:6      | Reached skill level 10 in Long Blades
  5943 | D:6      | Reached XP level 9. HP: 43/70 MP: 9/9
  5971 | D:6      | Found a runed door.
  6072 | D:6      | Noticed Crazy Yiuf
  6082 | D:6      | Killed Crazy Yiuf
  6378 | D:7      | Noticed Duvessa
  6382 | D:7      | Noticed Dowan
  6392 | D:7      | Killed Dowan
  6397 | D:7      | Killed Duvessa
  7176 | D:7      | Reached skill level 5 in Fighting
  7538 | D:7      | Noticed Prince Ribbit
  7545 | D:7      | Killed Prince Ribbit
  7571 | D:7      | Reached ***** piety under Trog
  7800 | D:7      | Reached XP level 10. HP: 65/83 MP: 10/10
  7952 | D:8      | Noticed Erica
  7978 | D:8      | Killed Erica
  8317 | D:8      | Found an ancient bone altar of Kikubaaqudgha.
  8533 | D:8      | Found a shadowy altar of Dithmenos.
  8534 | D:8      | Found a deep blue altar of Sif Muna.
  8756 | D:9      | Found a stormy altar of Qazlal.
  8781 | D:9      | Reached skill level 1 in Shields
  8796 | D:9      | Found a staircase to the Lair.
  8881 | D:9      | Noticed a two-headed ogre
  8890 | D:9      | Killed a two-headed ogre
  9272 | D:9      | Found an ornate altar of the Wu Jian Council.
  9392 | D:9      | Received a gift from Trog
  9451 | D:9      | Found Abluaraz's Magic Scroll Shop.
  9613 | D:10     | Entered Level 10 of the Dungeon
  9633 | D:10     | Noticed Josephine
  9649 | D:10     | Killed Josephine
  9649 | D:10     | Reached XP level 11. HP: 90/94 MP: 11/11
  9683 | D:10     | Noticed Erolcha
  9712 | D:10     | Killed Erolcha
  9912 | D:10     | Noticed a two-headed ogre
  9922 | D:10     | Killed a two-headed ogre
  9927 | D:10     | Reached skill level 10 in Dodging
 10586 | D:11     | Noticed a purple ugly thing
 10601 | D:11     | Killed a purple ugly thing
 10686 | D:11     | Found a staircase to the Orcish Mines.
 10889 | D:11     | Noticed a two-headed ogre
 10896 | D:11     | Killed a two-headed ogre
 11138 | D:11     | Reached skill level 10 in Fighting
 11168 | D:11     | Noticed a white ugly thing
 11186 | D:11     | Killed a white ugly thing
 11236 | D:11     | Noticed a two-headed ogre
 11317 | D:11     | Killed a two-headed ogre
 11317 | D:11     | Reached XP level 12. HP: 74/106 MP: 12/12
 11517 | Lair:1   | Entered Level 1 of the Lair of Beasts
 11615 | Lair:1   | Found a labyrinth entrance.
 11647 | Lab      | Entered a labyrinth
 11740 | Lab      | Noticed a minotaur
 11752 | Lab      | Killed a minotaur
 11857 | Lair:1   | Received a gift from Trog
 12941 | Lair:2   | Found a staircase to the Shoals.
 13408 | Lair:3   | Found a hole to the Spider Nest.
 13409 | Lair:3   | Noticed a catoblepas
 13429 | Lair:3   | Killed a catoblepas
 13687 | Lair:3   | Noticed a five-headed hydra
 13696 | Lair:3   | Killed a one-headed hydra
 13696 | Lair:3   | Reached XP level 13. HP: 100/118 MP: 13/13
 14788 | Lair:5   | Found a viscous altar of Jiyva.
 14789 | Lair:5   | Found a staircase to the Slime Pits.
 14835 | Lair:5   | Noticed an entropy weaver
 14842 | Lair:5   | Noticed an entropy weaver
 14866 | Lair:5   | Received a gift from Trog
 14902 | Lair:5   | Killed an entropy weaver
 14910 | Lair:5   | Killed an entropy weaver
 15530 | Lair:6   | Entered Level 6 of the Lair of Beasts
 15913 | Lair:6   | Reached ****** piety under Trog
 15997 | Lair:6   | Received a gift from Trog
 16079 | Lair:6   | Reached XP level 14. HP: 85/129 MP: 14/14
 16666 | Lair:6   | Reached skill level 15 in Long Blades
 16715 | Lair:6   | Found a burning altar of Makhleb.
 16756 | Lair:6   | HP: 2/132 [red devil/trident (15)]
 16769 | Lair:6   | Found a gateway to Hell.
 16777 | Lair:6   | Found the +3 crown of Dyrovepreva {rElec Int+2 SInv}
 17199 | Orc:1    | Entered Level 1 of the Orcish Mines
 17743 | Orc:2    | Entered Level 2 of the Orcish Mines
 17752 | Orc:2    | Found a staircase to the Elven Halls.
 17846 | Orc:2    | Noticed an orc warlord
 17901 | Orc:2    | Killed an orc warlord
 18417 | Orc:2    | Found Namixko's Distillery.
 18423 | Orc:2    | Found Alecydwe's Food Emporium.
 18945 | Orc:2    | Reached skill level 15 in Fighting
 19264 | Orc:2    | Found Kutriur's Book Boutique.
 19264 | Orc:2    | Found a one-way gate leading to the halls of Pandemonium.
 19264 | Orc:2    | Found Qayhan's Antique Armour Shop.
 19288 | Orc:2    | Bought a pair of translucent gloves for 266 gold pieces
 19288 | Orc:2    | Bought a pair of glowing boots for 210 gold pieces
 19288 | Orc:2    | Bought a shield for 126 gold pieces
 19303 | Orc:2    | Identified the cursed -5 pair of gloves "Fiacvutwu" {*Slow rN+ Dex+5} (You bought it in a shop on level 2 of the Orcish Mines)
 19825 | Shoals:1 | Entered Level 1 of the Shoals
 20020 | Shoals:1 | Noticed Frances
 20033 | Shoals:1 | Killed Frances
 20033 | Shoals:1 | Reached skill level 5 in Shields
 20143 | Shoals:1 | Reached XP level 15. HP: 134/141 MP: 15/15
 20920 | Shoals:3 | HP: 10/211 [drowned by a water elemental (3)]
 20922 | Shoals:3 | HP: 4/211 [drowned by a water elemental (4)]
 20922 | Shoals:3 | Mangled by a snapping turtle

Skill      XL: |  1  2  3  4  5  6  7  8  9 10 11 12 13 14 15 |
---------------+----------------------------------------------+-----
Long Blades    | 4 5 6 7 8 10 11 12 14 15 | 15.0
Dodging        | 3 5 6 8 9 10 11 13 14 | 14.4
Fighting       | 6 8 10 12 13 15 | 15.4
Shields        | 4 5 7 |  7.5

Action                   |  1- 3 |  4- 6 |  7- 9 | 10-12 | 13-15 || total
-------------------------+-------+-------+-------+-------+-------++-------
Melee: Falchion          |   120 |   228 |   277 |       |       ||   625
       Tailslap          |    14 |    35 |   113 |   123 |   253 ||   538
       Long sword        |       |       |   250 |    15 |       ||   265
       Scimitar          |       |       |       |   620 |  1164 ||  1784
Invok: Trog's Hand       |       |     2 |     2 |     8 |    11 ||    23
       Berserk           |       |     2 |     5 |     3 |     6 ||    16
       Burn Spellbooks   |       |       |     1 |     2 |     4 ||     7
       Brothers in Arms  |       |       |       |     1 |       ||     1
Evoke: Wand              |       |       |       |       |    13 ||    13
  Use: Scroll            |       |     6 |    11 |    11 |     3 ||    31
       Potion            |       |       |     8 |       |     4 ||    12
 Stab: Sleeping          |       |     2 |     1 |     3 |       ||     6
       Distracted        |       |       |     1 |       |     1 ||     2
       Petrifying        |       |       |       |       |     3 ||     3
  Eat: Chunk             |       |     8 |    11 |    19 |    25 ||    63
       Ration            |       |     2 |     4 |     2 |     2 ||    10
Armor: Skin              |    41 |    50 |   129 |    81 |   171 ||   472
Dodge: Dodged            |    87 |   132 |   484 |   475 |   773 ||  1951
Block: Buckler           |       |       |       |   106 |   165 ||   271
       Shield            |       |       |       |       |    77 ||    77
       Rpst.: Falchion   |    28 |    45 |    63 |       |       ||   136
       Long sword        |       |       |    89 |     3 |       ||    92
       Scimitar          |       |       |       |   132 |   202 ||   334
